 Dungeon Sprint DCSS version 0.30-a0-1066-g63dfefce0d (webtiles) character file.

Game seed: 11157372382744299197

50 dduke234 the Trooper (level 3, 0/26 HPs)
             Began as a Gargoyle Monk on Apr 12, 2023.
             Was an Initiate of Gozag.
             Slain by a guardian mummy (26 damage)
             ... in the Dungeon (Sprint VI: "Thunderdome").
             The game lasted 00:04:20 (403 turns).

dduke234 the Trooper (Gargoyle Monk)                 Turns: 403, Time: 00:04:20

Health: 0/26       AC:  5    Str: 18    XL:     3   Next: 70%
Magic:  3/3        EV: 18    Int: 12    God:    Gozag
Gold:   92         SH:  5    Dex: 17    Spells: 2/2 levels left

rFire   + . .      SeeInvis .    a - +0 mace
rCold   . . .      Faith    .    d - orb {light}
rNeg    + + .      Spirit   .    b - +0 robe
rPois   ∞          Reflect  +    (no helmet)
rElec   +          Rampage  .    (no cloak)
rCorr   .          NoTele   +    (no gloves)
Will    +....                    (no boots)
Stlth   +                        r - amulet of the Heavens {Reflect *Slow Str+2 Int+7 SH+5}
HPRegen 0.24/turn                u - ring of Dyaclouk {rPois rF+ rN+ Int-5 Dex+5}
MPRegen 0.08/turn                v - ring "Joorph" {Will+ EV+5}

@: glowing
A: sickness immunity, AC +3, negative energy resistance 1, electricity
resistance, torment resistance 1, petrification resistance
a: Renounce Religion, Potion Petition, Call Merchant, Bribe Branch


You were in the Dungeon.
You worshipped Gozag.
Gozag was noncommittal.
You visited 1 branch You collected 874 gold pieces.
You spent 782 gold pieces at shops.

Inventory:

Hand Weapons
 a - a +0 mace (weapon)
Armour
 b - a +0 robe (worn)
 d - an orb of light (worn)
 y - the +2 pair of gloves of Zirunt {rElec Regen+ rCorr Str-3}
   (You bought it in a shop in the Dungeon)

   Str:       It affects your strength (-3).
   rElec:     It insulates you from electricity.
   Regen:     It increases your rate of health regeneration.
   rCorr:     It protects you from acid and corrosion.
Jewellery
 o - the ring of the Nightingale {rC+ rN++ MP+9 Int+6 Dex-2}
   (You bought it in a shop in the Dungeon)

   [ring of intelligence]

   Int:       It affects your intelligence (+6).
   Dex:       It affects your dexterity (-2).
   rC:        It protects you from cold.
   rN:        It greatly protects you from negative energy.
   MP:        It affects your magic capacity (+9).
 p - the ring "Ticees" {rElec rN++ rCorr Int+2 Dex-5}
   (You bought it in a shop in the Dungeon)

   [ring of resist corrosion]

   Int:       It affects your intelligence (+2).
   Dex:       It affects your dexterity (-5).
   rElec:     It insulates you from electricity.
   rN:        It greatly protects you from negative energy.
   rCorr:     It protects you from acid and corrosion.
 q - the ring "Otoyff" {rPois rN+ Str-5 Int+6}
   (You bought it in a shop in the Dungeon)

   [ring of intelligence]

   Str:       It affects your strength (-5).
   Int:       It affects your intelligence (+6).
   rPois:     It protects you from poison.
   rN:        It protects you from negative energy.
 r - the amulet of the Heavens (around neck) {Reflect *Slow Str+2 Int+7 SH+5}
   (You bought it in a shop in the Dungeon)

   [amulet of reflection]

   It reflects blocked missile attacks.
   Str:       It affects your strength (+2).
   Int:       It affects your intelligence (+7).
   *Slow:     It may slow you when you take damage.
   SH:        It affects your SH (+5).
 s - the ring "Sooxt" {rN++ Str+3 Int+6 Dex-4}
   (You bought it in a shop in the Dungeon)

   [ring of intelligence]

   Str:       It affects your strength (+3).
   Int:       It affects your intelligence (+6).
   Dex:       It affects your dexterity (-4).
   rN:        It greatly protects you from negative energy.
 t - the ring of Nurocs {*Slow rC++ rN+ Int+6}
   (You bought it in a shop in the Dungeon)

   [ring of intelligence]

   Int:       It affects your intelligence (+6).
   rC:        It greatly protects you from cold.
   rN:        It protects you from negative energy.
   *Slow:     It may slow you when you take damage.
 u - the ring of Dyaclouk (left hand) {rPois rF+ rN+ Int-5 Dex+5}
   (You bought it in a shop in the Dungeon)

   [ring of positive energy]

   Int:       It affects your intelligence (-5).
   Dex:       It affects your dexterity (+5).
   rF:        It protects you from fire.
   rPois:     It protects you from poison.
   rN:        It protects you from negative energy.
 v - the ring "Joorph" (right hand) {Will+ EV+5}
   (You bought it in a shop in the Dungeon)

   [ring of evasion]

   EV:        It affects your evasion (+5).
   Will:      It increases your willpower.
 w - the ring "Pabuun" {Drain Will+ rCorr Int+6 Stlth+}
   (You bought it in a shop in the Dungeon)

   [ring of intelligence]

   Int:       It affects your intelligence (+6).
   rCorr:     It protects you from acid and corrosion.
   Drain:     It drains your maximum health when unequipped.
   Will:      It increases your willpower.
   Stlth:     It makes you more stealthy.
 x - the ring "Gaadd" {rElec Will+}
   (You bought it in a shop in the Dungeon)

   [ring of willpower]

   rElec:     It insulates you from electricity.
   Will:      It increases your willpower.
Wands
 l - a wand of quicksilver (5)
 m - a wand of iceblast (5)
Scrolls
 j - 4 scrolls of blinking
 n - 3 scrolls of fog
Potions
 c - a potion of ambrosia
 e - a potion of curing
 f - 4 potions of heal wounds
 g - 4 potions of haste
 h - 2 potions of magic
 i - a potion of berserk rage
 k - a potion of resistance


   Skills:
 * Level 5.3 Fighting
 * Level 5.3 Maces & Flails
 + Level 3.7 Dodging
 + Level 2.5 Stealth
 + Level 0.1 Shields


You had 2 spell levels left.
You didn't know any spells.
Your spell library was empty.

Dungeon Overview and Level Annotations

Branches:
Dungeon (1/1)

Altars:
Cheibriados
Dithmenos
Fedhas
Gozag
Kikubaaqudgha
Makhleb
Okawaru
Qazlal
Ru
Sif Muna
Trog
Uskayaw
Vehumet
Wu Jian
Xom
Yredelemnul
Zin
The Shining One
Lugonu

Shops:
D *[??*?*:[((!!!!


Innate Abilities, Weirdness & Mutations

You are immune to sickness and miasma.
Your stone body is resilient. (AC +3)
You are immune to poison.
You resist negative energy. (rN+)
You are resistant to electric shocks. (rElec)
You are resistant to unholy torment.
You are immune to petrification.


Message History

50...
A kobold comes into view. It is wielding a +0 short sword.
The kobold shouts!
The kobold throws a stone.
The stone completely misses you.
The kobold throws a stone.
The stone misses you.
The kobold throws a stone.
The stone completely misses you.
You closely miss the kobold. The kobold hits you but does no damage.
You barely miss the kobold. The kobold closely misses you.
You hit the kobold but do no damage. The kobold closely misses you.
You hit the kobold.
You kill the kobold!
Victory!
Score multiplier: 3x You now have 50 arena points (gained 36).
You now have 397 gold pieces (gained 60).
You now have enough gold to petition Gozag for potion effects.
You now have 424 gold pieces (gained 27).
Things that are here:
a +0 short sword; 4 stones
There is a shadowy altar of Dithmenos here.
There is a shimmering blue altar of Sif Muna here.
There is a snail-covered altar of Cheibriados here.
There is an entrance to Biwenkej's Weapon Rack here.
There is an entrance to Tumoch's Basic Armour here.
Get ready!
ROUND 3!
FIGHT!
LIGHTNING ROUND!
You sense a tension in the east.
There is a corrupted altar of Lugonu here.
There is an entrance to Iradycve's Identification Station here.
There is an entrance to Tojukyrr's Advanced Armour here.
You no longer have enough gold to petition Gozag for potion effects.
y - the +2 pair of gloves of Zirunt {rElec Regen+ rCorr Str-3} Thank you for shopping at Tojukyrr's Advanced Armour!
A guardian mummy comes into view. 50...
The guardian mummy closely misses you. The guardian mummy hits you!!
Ouch! That really hurt!
You die...
Your body crumbles into a pile of gold.

#_......._# ###........)###
#⌠..)........⌠#
######.8..[......8.#####
##._._......###......__.∩
###∩........8.# #.8........
##.............###..........
#⌠..........###...###.......
#⌠.........@# #.<.# #.......
#⌠.........M###...###.......
##.............###..........
###∩........8.# #.8........
##∩__.......###......___∩
######.8.[.......8.#####
#⌠...........⌠#
###.........### #_......._#


You could see a guardian mummy.

Vanquished Creatures
  Jessica (D)
  An adder (D)
  2 orcs (D)
  2 ball pythons (D)
  A hobgoblin (D)
  3 quokkas (D)
  A kobold (D)
11 creatures vanquished.

Notes
Turn   | Place    | Note
-------+----------+-------------------------------------------
     0 | D        | dduke234 the Gargoyle Monk began the quest for the Orb.
     0 | D        | Reached XP level 1. HP: 14/14 MP: 1/1
     3 | D        | Found an ancient bone altar of Kikubaaqudgha.
     3 | D        | Found a stormy altar of Qazlal.
     4 | D        | Found a basalt altar of Yredelemnul.
     5 | D        | Found a bloodstained altar of Trog.
     5 | D        | Found a hide-covered altar of Uskayaw.
     5 | D        | Round 1.
     6 | D        | Found an ornate altar of the Wu Jian Council.
     6 | D        | Found Wumate's Magic Scroll Shop.
     6 | D        | Found Turig's Staff Store.
     7 | D        | Found Meuchuil's Magic Scroll Shop.
     7 | D        | Found Fozefuar's Must-Have Magic.
     8 | D        | Found a sacrificial altar of Ru.
    11 | D        | Found Sedgh's Jewellery.
    11 | D        | Found Tojukyrr's Advanced Armour.
    12 | D        | Found an opulent altar of Gozag.
    12 | D        | Found a corrupted altar of Lugonu.
    12 | D        | Found Iradycve's Identification Station.
    16 | D        | Found a burning altar of Makhleb.
    17 | D        | Found a glowing golden altar of the Shining One.
    22 | D        | Became a worshipper of Gozag Ym Sagoz the Greedy
    32 | D        | Found a radiant altar of Vehumet.
    50 | D        | Found Wesihup's Premium Goods.
    51 | D        | Found Emarrub's Miscellaneous Merchandise.
    51 | D        | Found Tumoch's Basic Armour.
    53 | D        | Found a shadowy altar of Dithmenos.
    53 | D        | Found a shimmering blue altar of Sif Muna.
    53 | D        | Found a snail-covered altar of Cheibriados.
    53 | D        | Found Biwenkej's Weapon Rack.
    59 | D        | Found a glowing silver altar of Zin.
    63 | D        | Found a blossoming altar of Fedhas.
    64 | D        | Found Yfuodit's Do-It-Yourself Clinic.
    65 | D        | Found an iron altar of Okawaru.
    65 | D        | Found a shimmering altar of Xom.
    65 | D        | Found Siclyet's Distillery.
    67 | D        | Found Tumesy Nioch's Bottled Wisdom.
    67 | D        | Found Xaeq's Distillery.
   148 | D        | Reached XP level 2. HP: 11/20 MP: 2/2
   180 | D        | Arena points: 14 (+14) [x2]
   198 | D        | Round 2.
   212 | D        | Bought a crude brass ring for 45 gold pieces
   212 | D        | Identified the ring of the Nightingale {rC+ rN++ MP+9 Int+6
                  | Dex-2} (You bought it in a shop in the Dungeon)
   212 | D        | Bought an ancient jade ring for 45 gold pieces
   212 | D        | Identified the ring "Ticees" {rElec rN++ rCorr Int+2 Dex-5}
                  | (You bought it in a shop in the Dungeon)
   212 | D        | Bought a crude wooden ring for 45 gold pieces
   212 | D        | Identified the ring "Otoyff" {rPois rN+ Str-5 Int+6} (You
                  | bought it in a shop in the Dungeon)
   212 | D        | Bought a bound sapphire amulet for 45 gold pieces
   212 | D        | Identified the amulet of the Heavens {Reflect *Slow Str+2
                  | Int+7 SH+5} (You bought it in a shop in the Dungeon)
   217 | D        | Bought a flickering bone ring for 45 gold pieces
   217 | D        | Identified the ring "Sooxt" {rN++ Str+3 Int+6 Dex-4} (You
                  | bought it in a shop in the Dungeon)
   217 | D        | Bought a scorched bone ring for 45 gold pieces
   217 | D        | Identified the ring of Nurocs {*Slow rC++ rN+ Int+6} (You
                  | bought it in a shop in the Dungeon)
   217 | D        | Bought a flickering golden ring for 45 gold pieces
   217 | D        | Identified the ring of Dyaclouk {rPois rF+ rN+ Int-5 Dex+5}
                  | (You bought it in a shop in the Dungeon)
   218 | D        | Bought a transparent lapis lazuli ring for 45 gold pieces
   218 | D        | Identified the ring "Joorph" {Will+ EV+5} (You bought it in
                  | a shop in the Dungeon)
   218 | D        | Bought a twitching platinum ring for 45 gold pieces
   218 | D        | Identified the ring "Pabuun" {Drain Will+ rCorr Int+6
                  | Stlth+} (You bought it in a shop in the Dungeon)
   219 | D        | Bought a sparkling brass ring for 45 gold pieces
   219 | D        | Identified the ring "Gaadd" {rElec Will+} (You bought it in
                  | a shop in the Dungeon)
   264 | D        | Noticed Jessica
   285 | D        | Killed Jessica
   286 | D        | Reached skill level 5 in Fighting
   286 | D        | Reached skill level 5 in Maces & Flails
   286 | D        | Reached XP level 3. HP: 26/26 MP: 3/3
   332 | D        | Arena points: 50 (+36) [x3]
   385 | D        | Round 3.
   390 | D        | Bought a pair of heavily runed gloves for 332 gold pieces
   390 | D        | Identified the +2 pair of gloves of Zirunt {rElec Regen+
                  | rCorr Str-3} (You bought it in a shop in the Dungeon)
   395 | D        | Noticed a guardian mummy
   403 | D        | Slain by a guardian mummy

Illustrated notes

Levels and vault maps discovered:
D:        arena_sprint

Skill      XL: |  1  2 |
---------------+-------+-----
Dodging        | 3 |  3.7
Fighting       | 4 5 |  5.3
Maces & Flails | 5 |  5.3
Stealth        | |  2.5
Shields        | |  0.1

Action                     || total
---------------------------++-------
  Melee: Mace              ||    41
 Armour: Robe              ||     9
  Dodge: Dodged            ||    45
  Block: Orb               ||     2

Table legend: (Time is in decaauts)
 A = Elapsed time spent in this place.
 B = Non-inter-level travel time spent in this place.
 C = Inter-level travel time spent in this place.
 D = Time resting spent in this place.
 E = Time spent auto-exploring this place.
 F = Levels seen in this place.
 G = Mean time per level.
                   A        B        C        D        E       F      G
               +--------+--------+--------+--------+--------+-----+--------+
         Total |    409 |    407 |      2 |      0 |      0 |   1 |  409.0 |
       Dungeon |    409 |    407 |      2 |      0 |      0 |   1 |  409.0 |
               +--------+--------+--------+--------+--------+-----+--------+

Top non-repeatable levels by time:
       D: 409 daAuts
